 Dungeon Crawl Stone Soup version 0.17.0-26-gececa24 (console) character file.

340 gw the Bolt Thrower (level 6, -2/47 HPs)
             Began as a Formicid Hunter on Nov 21, 2015.
             Slain by an adder (4 damage)
             ... on level 4 of the Dungeon.
             The game lasted 00:03:21 (4261 turns).

gw the Bolt Thrower (Formicid Hunter)               Turns: 4261, Time: 00:03:21

Health: -2/47      AC: 10    Str: 15 (17) XL:     6   Next: 86%
Magic:  6/6        EV:  7    Int: 10      God:
Gold:   146        SH:  0    Dex: 13      Spells: 0 memorised, 5 levels left

rFire  . . .     SeeInvis +     b - +0 mace
rCold  . . .     Clarity  .     j - +0 chain mail
rNeg   . . .     SustAt   .     (no shield)
rPois  .         Gourm    .     (helmet unavailable)
rElec  .         Spirit   .     l - +0 cloak
rCorr  +         Warding  .     (no gloves)
rMut   .         Stasis   +     (no boots)
MR     .....                    c - amulet of resist corrosion
Stlth  ..........               (no ring)
                                (no ring)

@: lethally poisoned (-2 -> -5), not resistant to hostile enchantments,
extremely unstealthy
A: permanent stasis, dig shafts and tunnels, four strong arms, antennae 3
a: Dig, Shaft Self


You were on level 4 of the Dungeon.
You were hungry.

You visited 1 branch of the dungeon, and saw 4 of its levels.

You collected 146 gold pieces.

Inventory:

Hand Weapons
 a - a +1 hand crossbow
 b - a +0 mace (weapon)
Missiles
 d - 10 bolts
Armour
 j - a +0 chain mail (worn)
 l - a +0 cloak (worn)
Jewellery
 c - an amulet of resist corrosion (around neck)
Scrolls
 f - 3 scrolls of identify
 g - 3 scrolls of teleportation {unknown}
 h - a scroll of immolation {unknown}
 k - a scroll of remove curse
 n - a scroll of random uselessness {unknown}
Potions
 m - a potion of invisibility {unknown}
Comestibles
 e - 3 bread rations
 i - a slice of pizza


   Skills:
 + Level 3.4 Fighting
 + Level 2.5 Maces & Flails
 * Level 6.0 Crossbows
 + Level 2.7 Armour
 - Level 1.7 Dodging
 - Level 1.2 Stealth


You had 5 spell levels left.
You didn't know any spells.

Dungeon Overview and Level Annotations

Branches:
Dungeon (4/15)
 Temple: D:4-7

Altars:

Annotations:
D:4 Pikel


Innate Abilities, Weirdness & Mutations

You are under a permanent stasis effect.
You can dig through walls and to a lower floor.
Your four strong arms can wield two-handed weapons with a shield.
You have a pair of large antennae on your head (SInv).


Message History

The slave hits you but does no damage. The adder bites you but does no damage.
The slave hits you.
ATTACK MOVE TO (-1,0)
You closely miss the slave.
You feel sick. The adder barely misses you.
The slave hits you but does no damage. The slave hits you.
The adder barely misses you. The slave hits you!
ATTACK MOVE TO (-1,0)
You hit the slave but do no damage. The slave hits you.
The adder barely misses you. The slave hits you but does no damage.
ATTACK MOVE TO (-1,0)
You hit the slave.
The slave is lightly wounded.
You feel sick. The adder barely misses you. The slave barely misses you.
The slave hits you but does no damage. The adder closely misses you.
The slave hits you.
ATTACK MOVE TO (-1,0)
You hit the slave but do no damage.
The slave is lightly wounded.
You feel sick. The adder bites you.
You die...

#### ...## #.!.##
..... ####...#
[.....# .# #....#
#....# .# #pa..#
#.##.# .## # #p#S##
#.##.# .##.# #p#l#
#.##.# .##.# #p#.#
#.##.# .#.#.##.#.#
#.##.###..# #.#.#.#
#.##.##..## #..#.#
..##......###.#.#.#
##.........#.##.# #


You could see 4 slaves, an adder and a giant newt.

Table legend:
 A = Turns spent in this place as a percentage of turns spent in the entire game.
 B = Non-inter-level travel turns spent in this place as a percentage of non-inter-level travel turns spent in the entire game.
 C = Inter-level travel turns spent in this place as a percentage of turns spent in this place.
 D = Turns resting spent in this place as a percentage of non-inter-level travel turns spent in this place.
 E = Turns spent auto-exploring this place as a percentage of non-inter-level travel turns spent in this place.
 F = Non-inter-level travel turns spent in this place divided by the number of levels of this place that you've seen.
                   A       B       C       D       E      F
               +-------+-------+-------+-------+-------+----------------------
         Total | 100.0 | 100.0 |   0.4 |   0.7 |   2.4 | 1761.2
       Dungeon | 100.0 | 100.0 |   0.4 |   0.7 |   2.4 | 1761.2
               +-------+-------+-------+-------+-------+----------------------

Table legend:
 A = Kills in this place as a percentage of kills in entire the game.
 B = Kills by you in this place as a percentage of kills by you in the entire game.
 C = Kills by friends in this place as a percentage of kills by friends in the entire game.
 D = Other kills in this place as a percentage of other kills in the entire game.
 E = Experience gained in this place as a percentage of experience gained in the entire game.
 F = Experience gained in this place divided by the number of levels of this place that you have seen.
                   A       B       C       D       E      F
               +-------+-------+-------+-------+-------+----------------------
         Total | 100.0 | 100.0 |  -nan |  -nan | 100.0 | 121.5
       Dungeon | 100.0 | 100.0 |  -nan |  -nan | 100.0 | 121.5
               +-------+-------+-------+-------+-------+----------------------

Vanquished Creatures
  Sigmund (D:2)
  Ijyb (D:3)
  5 adders
  5 oozes
  2 giant geckos
  An orc (D:3)
  2 ball pythons (D:2)
  7 bats
  4 giant cockroaches
  14 goblins
  8 hobgoblins
  14 jackals
  4 giant newts
  11 kobolds
  10 rats
89 creatures vanquished.

Notes
Turn   | Place    | Note
--------------------------------------------------------------
     0 | D:1      | gw the Formicid Hunter began the quest for the Orb.
     0 | D:1      | Reached XP level 1. HP: 16/16 MP: 1/1
   198 | D:1      | Reached XP level 2. HP: 17/22 MP: 2/2
   518 | D:1      | Reached skill level 1 in Armour
   518 | D:1      | Reached XP level 3. HP: 27/27 MP: 3/3
   677 | D:1      | Reached skill level 1 in Maces & Flails
  1809 | D:2      | Reached XP level 4. HP: 15/34 MP: 4/4
  2263 | D:2      | Reached skill level 5 in Crossbows
  2318 | D:2      | Noticed Sigmund
  2352 | D:2      | Killed Sigmund
  2352 | D:2      | Reached XP level 5. HP: 3/41 MP: 5/5
  2352 | D:2      | Reached XP level 6. HP: 3/47 MP: 6/6
  3891 | D:3      | Noticed Ijyb
  3930 | D:3      | Killed Ijyb
  3930 | D:3      | Reached skill level 6 in Crossbows
  4200 | D:4      | Noticed a slave
  4201 | D:4      | Noticed a slave
  4207 | D:4      | Noticed Pikel
  4209 | D:4      | Noticed a slave
  4221 | D:4      | Noticed a slave
  4261 | D:4      | HP: 2/47 [poisoned by an adder]
  4261 | D:4      | Slain by an adder

Action                   |  1- 3 |  4- 6 || total
-------------------------+-------+-------++-------
Melee: Whip              |    18 |       ||    18
       Short sword       |     3 |       ||     3
       Mace              |    43 |   169 ||   212
 Fire: Hand crossbow     |    33 |    49 ||    82
  Use: Scroll            |     3 |     2 ||     5
       Potion            |     2 |     4 ||     6
 Stab: Sleeping          |     1 |       ||     1
  Eat: Chunk             |     3 |     7 ||    10

Vault maps used:
D:1:      dpeg_arrival_circle_labyrinth_c, minmay_misc_feat_nine_boxes
D:2:      uniq_sigmund
D:3:      kennysheep_goblin_castle, first_bread
D:4:      uniq_pikel
